 Dungeon Crawl Stone Soup version 0.32-a0-841-g4648e6c457 (webtiles) character file.

Game seed: 3161550011891761966

44 Shayle the Apothecary (level 3, -1/27 HPs)
             Began as a Coglin Alchemist on Mar 27, 2024.
             Incinerated by a bombardier beetle (5 damage)
             ... with a burning spray
             ... on level 3 of the Dungeon.
             The game lasted 00:04:37 (1788 turns).

Shayle the Apothecary (Coglin Alchemist)            Turns: 1788, Time: 00:04:38

Health: -1/27      AC:  6    Str: 10    XL:     3   Next: 62%
Magic:  5/5        EV:  9    Int: 14    God:
Gold:   55         SH:  0    Dex: 14    Spells: 4/5 levels left

rFire   . . .        g - +0 short sword {Sukanya}
rCold   . . .        q - +0 long sword {Xiuying}
rNeg    . . .        d - +0 ring mail
rPois   .            c - +0 helmet
rElec   .            (no cloak)
rCorr   .            (no gloves)
SInv    .            (no boots)
Will    .....        (amulet unavailable)
Stlth   +            (ring unavailable)
HPRegen 0.24/turn    (ring unavailable)
MPRegen 0.09/turn    (no gizmo)

%: no passive effects
@: on fire, glowing, revved
A: off-hand wielding, slow wielding, warmup strikes, no jewellery
a: Invent Gizmo


You were on level 3 of the Dungeon.
You visited 1 branch of the dungeon, and saw 3 of its levels.

You collected 93 gold pieces.
You spent 38 gold pieces at shops.

Inventory:

Hand Weapons
 e - a +0 club {Kyogo}
 f - a +0 club {Francisca}
 g - a +0 short sword (weapon) {Sukanya}
 q - a +0 long sword (offhand) {Xiuying}
Armour
 a - a +0 robe
 c - a +0 helmet (worn)
 d - a +0 ring mail (worn)
Scrolls
 h - a scroll of revelation
 i - 2 scrolls of teleportation
Potions
 b - a potion of magic
 j - a potion of mutation {unknown}
 k - a potion of degeneration {unknown}
 l - 2 potions of brilliance
 p - a potion of attraction {unknown}
 r - a potion of might {unknown}


   Skills:
 + Level 2.1 Fighting
 + Level 1.9 Armour
 - Level 1.7 Dodging
 - Level 1.5 Stealth
 - Level 1.7 Spellcasting
 - Level 0.8 Conjurations
 - Level 3.2 Alchemy


You had 4 spell levels left.
You knew the following spells:

 Your Spells              Type           Power      Damage    Failure   Level
a - Sting                 Conj/Alch      28%        1d4       26%         1

Your spell library contained the following spells:

 Spells                   Type           Power      Damage    Failure   Level
 Mercury Vapours          Alch/Air       10%        N/A       43%         2
 Momentum Strike          Conj/Tloc      4%         3d8       61%         2
 Blink                    Tloc           2%         N/A       67%         2
 Lesser Beckoning         Tloc           2%         N/A       67%         2
 Mephitic Cloud           Conj/Alch/Air  5%         N/A       71%         3
 Olgreb's Toxic Radiance  Alch           10%        N/A       85%         4
 Sticky Flame             Fire/Alch      5%         2d4       97%         4


Dungeon Overview and Level Annotations

Branches:
Dungeon (3/15)

Altars:

Shops:
D:2 (


Innate Abilities, Weirdness & Mutations

You can wield a second weapon in your off-hand.
It takes a long time for you to wield or remove held weapons.
Your first few attacks do less damage.
You cannot equip rings or amulets.


Message History

You shake off the liquid fire.
The bombardier beetle sprays incendiary fluid at you.
The burning spray hits you.
You are covered in liquid fire!
You completely miss the bombardier beetle with your +0 short sword.
You hit the bombardier beetle with your +0 long sword.
The liquid fire burns you!
The bombardier beetle bites you but does no damage.
You hit the bombardier beetle but do no damage.
You slash the bombardier beetle with your +0 long sword!
The liquid fire burns you!
You hit the bombardier beetle but do no damage.
The bombardier beetle is heavily wounded.
You completely miss the bombardier beetle with your +0 short sword.
The liquid fire burns you!
The bombardier beetle bites you but does no damage.
You hit the bombardier beetle with your +0 short sword.
The bombardier beetle is heavily wounded.
You hit the bombardier beetle with your +0 long sword.
The liquid fire burns you!
The bombardier beetle bites you but does no damage.
You hit the bombardier beetle but do no damage.
The bombardier beetle is almost dead.
You barely miss the bombardier beetle with your +0 long sword.
The liquid fire burns you!
The bombardier beetle bites you but does no damage.
You hit the bombardier beetle but do no damage.
The bombardier beetle is almost dead.
You hit the bombardier beetle but do no damage.
The liquid fire burns you!
* * * LOW HITPOINT WARNING * * *
The bombardier beetle bites you.
* * * LOW HITPOINT WARNING * * *
You feel better. The liquid fire burns you!
* * * LOW HITPOINT WARNING * * *
Unknown command.
You shake off some of the fire as you move.
The liquid fire burns you!
You die...

#.#.# #.#.# #.#.#
###.#.# #.....#
#.#.##### #.#.....#
#.#.###.# #.######
#.#.# #.# #$.B.@.#
#.#.# #.# ######.#
#...# #.# #.#
#..####.# ##.##
#.......#######...##.#
##.####.......<..<...#
#.# #.#######...####
###.####.# ##.##
.........# #.#


You could see a bombardier beetle.

Vanquished Creatures
  An adder (D:2)
  A dart slug (D:2)
  3 endoplasms
  4 giant cockroaches
  2 goblins
  3 hobgoblins
  2 quokkas (D:1)
  4 ball pythons
  3 bats
  2 frilled lizards (D:1)
  4 kobolds
  2 rats (D:1)
31 creatures vanquished.

Notes
Turn   | Place    | Note
-------+----------+-------------------------------------------
     0 | D:1      | Shayle the Coglin Alchemist began the quest for the Orb.
     0 | D:1      | Reached XP level 1. HP: 13/13 MP: 3/3
   182 | D:1      | Reached skill level 1 in Fighting
   182 | D:1      | Reached XP level 2. HP: 21/21 MP: 1/4
   280 | D:1      | Reached skill level 1 in Armour
   874 | D:2      | Reached XP level 3. HP: 26/26 MP: 5/5
  1225 | D:2      | Found Zuat's Weapon Boutique.
  1233 | D:2      | Bought a +0 long sword for 38 gold pieces
  1788 | D:3      | Incinerated by a bombardier beetle

Illustrated notes

Levels and vault maps discovered:
D:1:      dpeg_arrival_tiny_i, layout_basic
D:2:      layout_loops_ring, serial_shops, shop, serial_forest,
          infiniplex_forest_end_2, infiniplex_forest_fountain,
          infiniplex_forest_corner_1, infiniplex_forest_fountain,
          infiniplex_forest_clump_small, kennysheep_generic_room_9
D:3:      minmay_octagon_keep, layout_loops_ring

Skill      XL: |  1  2  3 |
---------------+----------+-----
Fighting       | 1 2 |  2.1
Armour         | 1 |  1.9
Dodging        | |  1.7
Stealth        | |  1.5
Spellcasting   | |  1.7
Conjurations   | |  0.8
Alchemy        | |  3.2

Action                     || total
---------------------------++-------
  Melee: Unarmed           ||    24
         Club              ||    66
         Short sword       ||    68
         Long sword        ||    13
   Cast: Sting             ||    17
    Use: Scroll            ||     7
         Potion            ||     1
 Armour: Robe              ||     6
         Ring mail         ||    67
  Dodge: Dodged            ||    55

Table legend: (Time is in decaauts)
 A = Elapsed time spent in this place.
 B = Non-inter-level travel time spent in this place.
 C = Inter-level travel time spent in this place.
 D = Time resting spent in this place.
 E = Time spent auto-exploring this place.
 F = Levels seen in this place.
 G = Mean time per level.
                   A        B        C        D        E       F      G
               +--------+--------+--------+--------+--------+-----+--------+
         Total |   1800 |   1723 |     77 |    154 |   1125 |   3 |  600.0 |
       Dungeon |   1800 |   1723 |     77 |    154 |   1125 |   3 |  600.0 |
               +--------+--------+--------+--------+--------+-----+--------+

Top non-repeatable levels by time:
     D:1: 871 daAuts
     D:2: 853 daAuts
     D:3: 76 daAuts
